 Dungeon Crawl Stone Soup version 0.26-a0-84-g8c18429211 (webtiles) character file.

Game seed: 7407115088174334758

119 MarredHen the Bolt Thrower (level 5, -6/31 HPs)
             Began as a Kobold Hunter on June 18, 2020.
             Splashed by a jelly's acid (11 damage)
             ... on level 3 of the Dungeon.
             The game lasted 00:03:47 (2960 turns).

MarredHen the Bolt Thrower (Kobold Hunter)          Turns: 2960, Time: 00:03:49

Health: -6/31      AC:  0    Str:  9    XL:     5   Next: 24%
Magic:  5/5        EV: 15    Int: 13    God:
Gold:   54         SH:  0    Dex: 16    Spells: 4/4 levels left

rFire    . . .     SeeInvis .   b - +0 short sword
rCold    + . .     Gourm    .   (shield restricted)
rNeg     . . .     Faith    .   c - +1 leather armour
rPois    .         Spirit   .   (no helmet)
rElec    .         Reflect  .   (no cloak)
rCorr    .         Harm     .   (no gloves)
MR       .....                  (no boots)
Stlth    ++........             (no amulet)
HPRegen  0.10/turn              j - ring of protection from cold
MPRegen  0.09/turn              (no ring)

@: corroded
A: small, carnivore
a: no special abilities


You were on level 3 of the Dungeon.
You were not hungry.

You visited 1 branch of the dungeon, and saw 3 of its levels.

You collected 54 gold pieces.

Inventory:

Hand Weapons
 a - a +2 hand crossbow
 b - a +0 short sword (weapon)
Armour
 c - a +1 leather armour (worn)
Jewellery
 j - a ring of protection from cold (left hand)
 m - an uncursed ring of ice {unknown}
Scrolls
 g - a scroll of enchant weapon
 l - 3 scrolls of remove curse
Potions
 e - a potion of lignification {unknown}
 h - a potion of ambrosia {unknown}
 i - a potion of heal wounds {unknown}
 k - 2 potions of brilliance {unknown}
Comestibles
 f - 6 rations


   Skills:
 + Level 2.7 Fighting
 - Level 1.8 Short Blades
 + Level 6.2 Crossbows
 - Level 0.8 Armour
 + Level 3.2 Dodging
 - Level 1.6 Stealth


You had 4 spell levels left.
You didn't know any spells.
Your spell library was empty.

Dungeon Overview and Level Annotations

Branches:
Dungeon (3/15)

Altars:
Nemelex Xobeh


Innate Abilities, Weirdness & Mutations

You are small and have problems with some larger weapons.
You are carnivorous and can eat meat at any time.


Message History

Aim: a jelly (moderately wounded)
Okay, then.
b - a +0 short sword (weapon)
You hit the jelly.
Your hands burn!
The jelly is heavily wounded.
The jelly barely misses you.
You hit the jelly.
Your hands burn!
The jelly is severely wounded.
The jelly closely misses you.
You hit the jelly but do no damage.
Your hands burn!
* * * LOW HITPOINT WARNING * * *
The jelly is severely wounded.
The jelly completely misses you.
You hit the jelly. The acid corrodes you!
Your hands burn!
* * * LOW HITPOINT WARNING * * *
The jelly is almost dead.
The jelly hits you.
* * * LOW HITPOINT WARNING * * *
You are splashed with acid!
You die...

## ### ... #.. ...
############# #.# #.#
#...........#######)###.#
...................(....#
.#....<###.#######.##..######
.............@J...............
#.#.........#######.....#####
########### ########..#
.......)..# ########..## #...#
#.#.## #.#..# #.##.##


You could see a jelly.

Vanquished Creatures
  3 adders
  An ooze (D:1)
  2 worms (D:2)
  A dart slug (D:1)
  4 leopard geckos
  An orc (D:3)
  8 bats
  3 giant cockroaches
  8 goblins
  11 hobgoblins
  8 jackals (D:1)
  A quokka (D:2)
  2 ball pythons
  4 frilled lizards
  7 kobolds
  5 rats
69 creatures vanquished.

Notes
Turn   | Place    | Note
-------+----------+-------------------------------------------
     0 | D:1      | MarredHen the Kobold Hunter began the quest for the Orb.
     0 | D:1      | Reached XP level 1. HP: 12/12 MP: 1/1
    39 | D:1      | Reached skill level 5 in Crossbows
    94 | D:1      | Reached XP level 2. HP: 17/17 MP: 2/2
   181 | D:1      | Reached XP level 3. HP: 22/22 MP: 3/3
   589 | D:1      | Reached skill level 6 in Crossbows
   830 | D:1      | Reached XP level 4. HP: 24/27 MP: 4/4
  1714 | D:2      | Reached skill level 1 in Short Blades
  1817 | D:2      | Found a sparkling altar of Nemelex Xobeh.
  2220 | D:2      | Reached XP level 5. HP: 31/31 MP: 5/5
  2960 | D:3      | Splashed by a jelly's acid

Illustrated notes

Levels and vault maps discovered:
D:1:      tarquinn_simple_flora_water_e, layout_loops_ring
D:2:      layout_basic, first_ration, nemelex_spade_bored_becter
D:3:      layout_basic

Skill      XL: |  1  2  3  4 |
---------------+-------------+-----
Crossbows      | 5 6 |  6.2
Short Blades   | 1 |  1.8
Dodging        | 3 |  3.2
Fighting       | |  2.7
Armour         | |  0.8
Stealth        | |  1.6

Action                   |  1- 3 |  4- 6 || total
-------------------------+-------+-------++-------
Melee: Short sword       |    43 |    97 ||   140
 Fire: Hand crossbow     |    61 |    32 ||    93
  Use: Scroll            |       |     7 ||     7
       Potion            |       |     1 ||     1
 Stab: Sleeping          |       |     2 ||     2
       Distracted        |       |     1 ||     1
  Eat: Chunk             |       |     6 ||     6
Armor: Leather armour    |     9 |    18 ||    27
Dodge: Dodged            |    87 |    77 ||   164

Table legend:
 A = Non-vault XP
 B = Vault XP
 C = Vault XP percentage of total XP
 D = Non-vault monster count
 E = Vault monster count
 F = Vault count percentage of total count
                 A         B        C        D         E       F
            +---------+---------+-------+---------+---------+-------
      Total |     171 |       0 |   0.0 |      69 |       0 |   0.0
            +---------+---------+-------+---------+---------+-------
        D:1 |      79 |       0 |   0.0 |      40 |       0 |   0.0
        D:2 |      68 |       0 |   0.0 |      22 |       0 |   0.0
        D:3 |      24 |       0 |   0.0 |       7 |       0 |   0.0
            +---------+---------+-------+---------+---------+-------
